 Dungeon Crawl Stone Soup version 0.28-a0-1518-gbe868bca14 (webtiles) character file.

Game seed: 16534913561627673717

7392 Nattfarinn the Fighter (level 11, -3/90 HPs)
             Began as a Djinni Venom Mage on Jan 17, 2022.
             Was a Believer of Makhleb.
             Slain by a swamp worm (19 damage)
             ... on level 10 of the Dungeon.
             The game lasted 00:31:10 (14832 turns).

Nattfarinn the Fighter (Djinni Venom Mage)         Turns: 14832, Time: 00:31:11

Health: -3/90      AC:  7    Str: 13    XL:     11   Next: 36%
Gold:   447        EV: 14    Int: 28    God:    Makhleb [**....] SH:  0 Dex: 17

rFire   + + .      SeeInvis .   d - +5 trident of Sin {freeze, rC+ Will+ Str+3}
rCold   . . .      Faith    .   (no shield)
rNeg    + . .      Spirit   .   a - +0 robe
rPois   ∞          Reflect  .   l - +0 helmet
rElec   .          Harm     .   y - +0 cloak
rCorr   .          Rampage  .   g - +1 pair of gloves of the Sky {Str+3 Dex+4}
Will    ++...                   (boots unavailable)
Stlth   ++........              (no amulet)
HPRegen 0.25/turn               k - +6 ring of intelligence
MPRegen 0.00/turn               o - ring of positive energy

@: flying
A: sickness immunity, fire resistance 2, cold vulnerability 1, float, innate
caster, hp casting, extra vitality 1
a: Renounce Religion, Minor Destruction


You were on level 10 of the Dungeon.
You worshipped Makhleb.
Makhleb was pleased with you.
You visited 2 branches of the dungeon, and saw 11 of its levels.

You collected 627 gold pieces.
You spent 180 gold pieces at shops.

Inventory:

Hand Weapons
 c - a +0 short sword
 d - the +5 trident of Sin (weapon) {freeze, rC+ Will+ Str+3}
   (You found it on level 7 of the Dungeon)

   It freezes those it strikes, dealing additional cold damage.
   It can also slow down cold-blooded creatures.
   Str:       It affects your strength (+3).
   rC:        It protects you from cold.
   Will:      It increases your willpower.
 e - a +2 dagger of pain
 m - the +7 hunting sling of the Establishment {vorpal, rPois Int-3 Dex+10}
   (You found it on level 9 of the Dungeon)

   Any ammunition fired from it inflicts extra damage upon your enemies.
   Int:       It affects your intelligence (-3).
   Dex:       It affects your dexterity (+10).
   rPois:     It protects you from poison.
 p - a +1 whip of freezing
 v - a +2 short sword of holy wrath
Armour
 a - a +0 robe (worn)
 g - the +1 pair of gloves of the Sky (worn) {Str+3 Dex+4}
   (You acquired it on level 5 of the Dungeon)

   Str:       It affects your strength (+3).
   Dex:       It affects your dexterity (+4).
 l - a +0 helmet (worn)
 y - a +0 cloak (worn)
 B - a +1 hat of stealth
Jewellery
 k - a +6 ring of intelligence (left hand)
 o - a ring of positive energy (right hand)
Wands
 j - a wand of paralysis (6)
 u - a wand of acid (5)
Scrolls
 b - a scroll of identify
 f - 3 scrolls of blinking
 h - a scroll of enchant weapon
 s - 2 scrolls of vulnerability
Potions
 i - 2 potions of cancellation {unknown}
 n - 2 potions of curing
 q - a potion of lignification {unknown}
 r - a potion of flight {unknown}
 t - a potion of heal wounds {unknown}
 x - 3 potions of mutation {unknown}
 z - a potion of ambrosia {unknown}


   Skills:
 * Level 12.4 Fighting
 + Level 8.3 Armour
 - Level 5.2 Dodging
 - Level 1.5 Stealth
 - Level 5.3 Spellcasting


You couldn't memorise any spells.
You knew the following spells:

 Your Spells              Type           Power      Damage    Failure   Level
a - Sting                 Tmut/Pois      100%       1d8       1%          1
b - Poisonous Vapours     Pois/Air       74%        N/A       1%          2
c - Mephitic Cloud        Conj/Pois/Air  37%        N/A       2%          3
d - Olgreb's Toxic Radia  Pois           37%        N/A       7%          4
e - Slow                  Hex            100%       N/A       1%          1
f - Corpse Rot            Necr/Air       74%        N/A       1%          2
g - Ignite Poison         Fire/Tmut/Pois 37%        N/A       2%          3
h - Iskenderun's Mystic   Conj/Tloc      37%        2d9       7%          4
i - Agony                 Necr           37%        N/A       21%         5
Your spell library was empty.

Dungeon Overview and Level Annotations

Branches:
Dungeon (10/15)            Temple (1/1) D:4
   Lair: D:8-11         Orc: D:9-12

Altars:
Ashenzari
Cheibriados
Dithmenos
Fedhas
Gozag
Hepliaklqana
Kikubaaqudgha
Makhleb
Okawaru
Qazlal
Ru
Sif Muna
Trog
Uskayaw
Vehumet
Wu Jian
Xom
Yredelemnul
Zin
The Shining One

Shops:
D:4 [   D:8 =


Innate Abilities, Weirdness & Mutations

You are immune to sickness and miasma.
You are immune to poison.
Your flesh is very heat resistant. (rF++)
You are vulnerable to cold. (rC-)
You float through the air rather than walking.
You learn spells naturally, not from books.
Your magical power is your life essence.
You have superior vitality. (+4 MHP)


Message History

Unknown command.
Unknown command.
You hit the two-headed ogre but do no damage.
The two-headed ogre is almost dead.
The two-headed ogre is engulfed in blazing flames.
You kill the two-headed ogre!
Makhleb accepts your kill.
Unknown command.
Unknown command.
Casting: Ignite Poison (mildly dangerous; 2% risk of failure)
Confirm with . or Enter, or press ? or * to list all spells.
You begin to radiate toxic energy.
The swamp worm is poisoned.
* * * LOW HITPOINT WARNING * * *
The swamp worm fires a harpoon shot at you.
The harpoon shot misses you.
Your toxic aura wanes.
Your magical contamination has completely faded away.
Casting: Olgreb's Toxic Radiance (dangerous; 7% risk of failure)
Confirm with . or Enter, or press ? or * to list all spells.
You ignite the poison in your surroundings!
The swamp worm seems to burn from within!!
The swamp worm is severely wounded.
* * * LOW HITPOINT WARNING * * *
The swamp worm fires a harpoon shot at you.
The harpoon shot misses you.
The swamp worm fires a harpoon shot at you.
The harpoon shot hits you!
* * * LOW HITPOINT WARNING * * *
You are yanked forward by the harpoon shot.
You feel better. The swamp worm bites you.
* * * LOW HITPOINT WARNING * * *
Casting: Ignite Poison (mildly dangerous; 2% risk of failure)
Confirm with . or Enter, or press ? or * to list all spells.
You begin to radiate toxic energy.
The swamp worm is poisoned.
* * * LOW HITPOINT WARNING * * *
The swamp worm bites you but does no damage.
You feel better.
The swamp worm looks even sicker.
Your toxic aura wanes.
The swamp worm bites you!!
You die...

##...≈≈ #..≈≈≈ #.≈≈≈###≈ #
#.≈≈P#≈≈w #. #.≈≈PP≈ ####.
#.≈≈P# ...... ##.≈≈≈###
......############..#≈≈≈≈##
..........@w...........≈≈≈≈
.......)................≈≈≈
...≈..######..#####..####..
..≈#≈ #..# #..# #.. .≈#.
#..# #..# #.. #. #..# #..#
#.. #. #..# #..# #.. . #..#
#..# #.. #.<#####..####..


You could see a swamp worm (very poisoned).

Vanquished Creatures
  Gastronok (D:8)
  2 two-headed ogres
  Maurice (D:9)
  A gargoyle (D:6)
  2 molten gargoyles (D:9)
  A hornet (D:7)
  2 wraiths
  2 steam dragons (D:7)
  3 water moccasins
  4 orc warriors
  A black bear (D:5)
  An ice beast (D:7)
  3 ogres
  2 necrophages
  3 centaurs (D:8)
  A kobold brigand (D:5)
  A phantom (D:5)
  A bullfrog (D:6)
  7 scorpions
  A wyvern skeleton (D:7)
  A water moccasin skeleton (D:5)
  4 wights (D:9)
  Crazy Yiuf (D:6)
  A gnoll shaman (D:8)
  A jelly (D:5)
  6 orc priests
  4 hounds
  A centaur skeleton (D:5)
  An iguana (D:5)
  6 orc wizards
  Natasha (thrice) (D:2)
  A hound zombie (D:5)
  A howler monkey zombie (D:9)
  3 gnolls (D:8)
  5 river rats (D:4)
  8 adders
  5 worms
  An adder skeleton (D:5)
  35 orcs
  3 ball pythons
  7 bats
  3 endoplasms
  2 giant cockroaches
  7 goblins
  3 hobgoblins
  3 quokkas
  4 frilled lizards (D:1)
  7 kobolds
  3 rats
  A spectral orc (D:3)
171 creatures vanquished.

Vanquished Creatures (others)
  A wizard (D:5)
  3 plants (D:10)
4 creatures vanquished.

Grand Total: 175 creatures vanquished

Notes
Turn   | Place    | Note
-------+----------+-------------------------------------------
     0 | D:1      | Nattfarinn the Djinni Venom Mage began the quest for the
                  | Orb.
     0 | D:1      | Reached XP level 1. HP: 15/15 MP: 0/0
   405 | D:1      | Found a faded altar of an unknown god.
  1001 | D:1      | Reached XP level 2. HP: 20/22 MP: 0/0
  1676 | D:2      | Noticed Natasha
  1684 | D:2      | Killed Natasha
  1685 | D:2      | Reached skill level 1 in Fighting
  1685 | D:2      | Reached XP level 3. HP: 14/27 MP: 0/0
  1685 | D:2      | Learned a level 1 spell: Slow
  2199 | D:2      | Found a sacrificial altar of Ru.
  2214 | D:2      | Noticed Natasha
  2227 | D:2      | Killed Natasha
  2228 | D:2      | Reached XP level 4. HP: 7/32 MP: 0/0
  2870 | D:2      | Noticed Natasha
  2880 | D:2      | Killed Natasha
  2881 | D:2      | Reached XP level 5. HP: 34/38 MP: 0/0
  2881 | D:2      | Learned a level 2 spell: Corpse Rot
  3391 | D:3      | Found a basalt altar of Yredelemnul.
  3405 | D:3      | Reached skill level 2 in Fighting
  4061 | D:4      | Found a snail-covered altar of Cheibriados.
  4074 | D:4      | Noticed an ogre
  4230 | D:4      | Noticed a necrophage
  4510 | D:4      | Reached XP level 6. HP: 36/45 MP: 0/0
  4518 | D:4      | Killed an ogre
  4692 | D:5      | Entered Level 5 of the Dungeon
  4695 | D:5      | Noticed a water moccasin
  5000 | D:4      | Found a staircase to the Ecumenical Temple.
  5006 | Temple   | Entered the Ecumenical Temple
  5053 | Temple   | Became a worshipper of Makhleb the Destroyer
  5710 | D:5      | Found a bloodstained altar of Trog.
  5738 | D:5      | Noticed a wizard
  5740 | D:5      | Killed a wizard
  5772 | D:5      | Reached skill level 3 in Fighting
  5795 | D:5      | Reached XP level 7. HP: 39/50 MP: 0/0
  5795 | D:5      | Learned a level 3 spell: Ignite Poison
  5941 | D:5      | HP: 2/50 [bullfrog skeleton (4)]
  6374 | D:5      | Reached skill level 5 in Spellcasting
  6374 | D:5      | Reached XP level 8. HP: 51/58 MP: 0/0
  6514 | D:5      | Reached skill level 4 in Fighting
  6514 | D:5      | Reached skill level 5 in Dodging
  6939 | D:6      | Noticed a wraith
  6960 | D:5      | Identified a scroll of acquirement
  6961 | D:5      | Acquired the +1 pair of gloves of the Sky {Str+3 Dex+4}
  7485 | D:4      | Reached skill level 1 in Armour
  7803 | D:4      | Reached skill level 5 in Fighting
  7885 | D:4      | Found Utoosk's Antique Armour Emporium.
  8886 | D:5      | Reached * piety under Makhleb
  9029 | D:5      | Found a stormy altar of Qazlal.
  9255 | D:5      | Reached skill level 6 in Fighting
  9255 | D:5      | Reached XP level 9. HP: 51/66 MP: 0/0
  9255 | D:5      | Learned a level 4 spell: Iskenderun's Mystic Blast
  9749 | D:6      | Reached skill level 7 in Fighting
 10342 | D:6      | Noticed a gargoyle
 10351 | D:6      | Killed a gargoyle
 10352 | D:6      | Reached skill level 8 in Fighting
 10777 | D:6      | Found a runed translucent door.
 10807 | D:6      | Noticed Crazy Yiuf
 10813 | D:6      | Killed Crazy Yiuf
 10888 | D:7      | Noticed a hornet
 10893 | D:7      | Killed a hornet
 10894 | D:7      | Reached skill level 5 in Armour
 10963 | D:7      | Identified the +5 trident of Sin {freeze, rC+ Will+ Str+3}
 11013 | D:7      | Found a broken altar of Ashenzari.
 11045 | D:7      | Reached ** piety under Makhleb
 11046 | D:7      | Reached XP level 10. HP: 67/77 MP: 0/0
 11050 | D:7      | Reached skill level 9 in Fighting
 11473 | D:7      | Found a blossoming altar of Fedhas.
 11727 | D:8      | Found an opulent altar of Gozag.
 11740 | D:8      | Found a hazy altar of Hepliaklqana.
 11740 | D:8      | Noticed Gastronok
 11907 | D:8      | Reached skill level 10 in Fighting
 12019 | D:8      | Found a glowing silver altar of Zin.
 12020 | D:8      | Found Zin's Purification Station.
 12026 | D:8      | Bought 2 potions of curing for 180 gold pieces
 12067 | D:8      | Killed Gastronok
 12484 | D:8      | Found Duc Madiklu's Jewellery Shoppe.
 12565 | D:9      | Noticed a molten gargoyle
 12682 | D:9      | Reached skill level 11 in Fighting
 12761 | D:9      | Noticed a two-headed ogre
 12769 | D:9      | Killed a two-headed ogre
 12770 | D:9      | Reached XP level 11. HP: 62/87 MP: 0/0
 12770 | D:9      | Learned a level 5 spell: Agony
 13792 | D:9      | Noticed Maurice
 13817 | D:9      | Killed Maurice
 13818 | D:9      | Reached skill level 12 in Fighting
 14366 | D:9      | Identified the +7 hunting sling of the Establishment
                  | {vorpal, rPois Int-3 Dex+10}
 14725 | D:10     | Entered Level 10 of the Dungeon
 14818 | D:10     | Noticed a two-headed ogre
 14826 | D:10     | Killed a two-headed ogre
 14832 | D:10     | Slain by a swamp worm

Illustrated notes

Levels and vault maps discovered:
D:1:      ebering_trefoil_3fold, layout_basic, basic_ecumenical_altar
D:2:      layout_basic, basic_altar, uniq_natasha
D:3:      layout_loops_ring, yredelemnul_forgotten_temple_becter
D:4:      layout_layer_cave, overflow_temple_1_default,
          minmay_temple_entry_waves, lightli_sewer_entry_pipes, serial_glass,
          glass_columns_b, glass_columns_a, glass_columns_b, glass_columns_b,
          serial_shops, kennysheep_little_box, minmay_circle_x
D:5:      layout_gridville, mainiacjoe_overflow_paths, trog_wizard,
          grunt_qazlal_clouds
D:6:      layout_loops_cross, chequers_serial_rivers_micro_d,
          uniq_crazy_yiuf_cottage
D:7:      layout_rooms, gammafunk_temple_overflow_statue,
          mainiacjoe_overflow_alcove_4, minmay_misc_feat_hallway
D:8:      layout_basic, mainiacjoe_overflow_boulevard, amcnicky_altar_gilded,
          zin_purify, serial_shops, nicolae_stop_n_shop_1, uniq_gastronok
D:9:      layout_irregular_city, minivault_8, uniq_maurice
D:10:     layout_small_grid, mainiacjoe_overflow_small_starburst,
          nicolae_elyvilon_peaceful_grove, enter_bailey_2, nicolae_water_bricks,
          chequers_arboretum, worms_lemuel
Temple:   kb_temple_of_zot

Skill      XL: |  1  2  3  4  5  6  7  8  9 10 11 |
---------------+----------------------------------+-----
Fighting       | 1 2 3 6 8 11 12 | 12.4
Spellcasting   | 3 4 5 |  5.3
Dodging        | 3 4 5 |  5.2
Armour         | 2 5 7 8 |  8.3
Stealth        | |  1.5

Action                   |  1- 3 |  4- 6 |  7- 9 | 10-12 || total
-------------------------+-------+-------+-------+-------++-------
Melee: Short sword       |    36 |   116 |    44 |       ||   196
       Unarmed           |     5 |       |       |       ||     5
       Punch             |       |     1 |     3 |     1 ||     5
       Whip              |       |       |   213 |       ||   213
       Dagger            |       |       |    13 |       ||    13
       Trident           |       |       |     3 |    33 ||    36
 Cast: Sting             |     8 |     9 |     2 |     4 ||    23
       Poisonous Vapours |    14 |    19 |    16 |     1 ||    50
       Mephitic Cloud    |     1 |     3 |       |     4 ||     8
       Olgreb's Toxic Ra |       |     4 |    20 |    18 ||    42
       Slow              |       |     1 |     1 |       ||     2
       Ignite Poison     |       |       |    16 |    16 ||    32
       Corpse Rot        |       |       |     1 |       ||     1
       Iskenderun's Myst |       |       |     5 |    31 ||    36
Evoke: Wand              |       |       |     5 |       ||     5
  Use: Scroll            |     1 |     1 |     6 |     7 ||    15
       Potion            |     1 |       |       |     2 ||     3
 Stab: Sleeping          |     2 |     6 |     4 |     1 ||    13
       Confused          |     1 |     2 |       |       ||     3
       Distracted        |       |       |     1 |       ||     1
Armor: Robe              |    15 |    18 |    62 |     7 ||   102
Dodge: Dodged            |    39 |    93 |   169 |    37 ||   338

Table legend: (Time is in decaauts)
 A = Elapsed time spent in this place.
 B = Non-inter-level travel time spent in this place.
 C = Inter-level travel time spent in this place.
 D = Time resting spent in this place.
 E = Time spent auto-exploring this place.
 F = Levels seen in this place.
 G = Mean time per level.
                   A        B        C        D        E       F      G
               +--------+--------+--------+--------+--------+-----+--------+
         Total |  14900 |  14255 |    645 |   4241 |   8339 |  11 | 1354.5 |
       Dungeon |  14789 |  14160 |    629 |   4241 |   8258 |  10 | 1478.9 |
        Temple |    110 |     94 |     16 |      0 |     81 |   1 |  110.0 |
               +--------+--------+--------+--------+--------+-----+--------+

Top non-repeatable levels by time:
     D:4: 2459 daAuts
     D:5: 2240 daAuts
     D:8: 1749 daAuts
     D:6: 1674 daAuts
     D:1: 1652 daAuts
     D:2: 1502 daAuts
     D:9: 1321 daAuts
     D:3: 1289 daAuts
     D:7: 795 daAuts
  Temple: 110 daAuts
    D:10: 107 daAuts
